 Dungeon Crawl Stone Soup version 0.28.0-53-g5a82cb258f (webtiles) character file.

Game seed: 10728355691549510395

108 Sin92 the Skirmisher (level 4, -2/35 HPs)
             Began as a Demonspawn Fighter on June 9, 2022.
             Slain by Grinder (13 damage)
             ... on level 3 of the Dungeon.
             The game lasted 00:01:49 (2182 turns).

Sin92 the Skirmisher (Demonspawn Fighter)           Turns: 2182, Time: 00:01:50

Health: -2/35      AC:  8    Str: 16    XL:     4   Next: 58%
Magic:  4/4        EV:  9    Int:  9    God:
Gold:   133        SH:  9    Dex: 15    Spells: 3/3 levels left

rFire   . . .      SeeInvis .   a - +0 flail
rCold   . . .      Faith    .   c - +0 buckler
rNeg    . . .      Spirit   .   b - +0 scale mail
rPois   .          Reflect  .   (no helmet)
rElec   .          Harm     .   (no cloak)
rCorr   .          Rampage  .   (no gloves)
Will    .....                   (no boots)
Stlth   ..........              (no amulet)
HPRegen 0.11/turn               (no ring)
MPRegen 0.09/turn               (no ring)

@: no status effects
A: yellow scales 1, condensation shield
a: no special abilities


You were on level 3 of the Dungeon.
You visited 1 branch of the dungeon, and saw 3 of its levels.

You collected 133 gold pieces.

Inventory:

Hand Weapons
 a - a +0 flail (weapon)
Missiles
 j - 6 silver javelins (quivered)
Armour
 b - a +0 scale mail (worn)
 c - a +0 buckler (worn)
Jewellery
 f - a ring of see invisible
Scrolls
 e - 2 scrolls of identify {unknown}
 g - a scroll of fog {unknown}
 k - a scroll of enchant weapon {unknown}
 l - a scroll of teleportation {unknown}
 m - a scroll of summoning {unknown}
 n - a scroll of fear {unknown}
Potions
 d - a potion of might
 h - a potion of heal wounds {unknown}
 i - a potion of curing {unknown}
 o - a potion of mutation {unknown}


   Skills:
 + Level 3.5 Fighting
 + Level 2.5 Maces & Flails
 + Level 3.2 Armour
 + Level 1.4 Dodging
 + Level 3.2 Shields


You had 3 spell levels left.
You didn't know any spells.
Your spell library was empty.

Dungeon Overview and Level Annotations

Branches:
Dungeon (3/15)

Altars:
Ashenzari
Dithmenos
Nemelex Xobeh
Uskayaw
Wu Jian
Xom

Annotations:
D:3 Grinder


Innate Abilities, Weirdness & Mutations

You are partially covered in yellow scales. (AC +2)
A meltable shield of frost defends you. (SH +4)


Message History

You hit Grinder.
Grinder is heavily wounded.
Grinder hits you!
You writhe in agony.
Grinder is nearby!
You hit Grinder but do no damage.
Grinder is heavily wounded.
Grinder blinks!
Grinder is nearby!
You block Grinder's attack.
Grinder is nearby!
You sock Grinder!
Grinder is severely wounded.
Grinder hits you but does no damage.
Unknown command.
You hit Grinder but do no damage.
Grinder is severely wounded.
Grinder closely misses you.
Unknown command.
You hit Grinder but do no damage.
Grinder is severely wounded.
You block Grinder's attack. x2
Unknown command.
You completely miss Grinder.
Grinder is severely wounded.
Grinder gestures at you. Pain shoots through your body!
Unknown command.
You are too injured to fight recklessly!
You are too injured to fight recklessly!
Unknown command.
Unknown command.
You are too injured to fight recklessly!
You are too injured to fight recklessly!
Unknown command.
You are too injured to fight recklessly!
Unknown command.
You sock Grinder!
Grinder is almost dead.
Grinder hits you!
You die...

....##._.)._.###
.#.###.......#
.............#
...###...###.#####
....###..(.......#
##...............
###.....#.###.##
##.........#..#######
##.....†......#.@....#
..........#..##..5...#
.....................#
....#.#..###.........#
..<......# ####......#
.........# #......#
.........# #........
........># #########
#(#######


You could see Grinder (strong).

Vanquished Creatures
  Ijyb (D:3)
  2 adders (D:2)
  2 worms
  4 endoplasms
  6 giant cockroaches
  4 goblins
  4 hobgoblins
  2 jackals (D:3)
  7 kobolds
  4 quokkas
  4 ball pythons
  3 bats
  A frilled lizard (D:1)
  11 rats
55 creatures vanquished.

Vanquished Creatures (others)
  A fungus (D:2)
  2 plants (D:2)
3 creatures vanquished.

Grand Total: 58 creatures vanquished

Notes
Turn   | Place    | Note
-------+----------+-------------------------------------------
     0 | D:1      | Sin92 the Demonspawn Fighter began the quest for the Orb.
     0 | D:1      | Reached XP level 1. HP: 18/18 MP: 1/1
   142 | D:1      | Gained mutation: You are partially covered in yellow
                  | scales. (AC +2) [demonic ancestry]
   142 | D:1      | Reached XP level 2. HP: 19/24 MP: 2/2
   976 | D:1      | Gained mutation: A meltable shield of frost defends you.
                  | (SH +4) [demonic ancestry]
   976 | D:1      | Reached XP level 3. HP: 29/29 MP: 3/3
  1069 | D:2      | Reached skill level 1 in Dodging
  1421 | D:2      | Found a faded altar of an unknown god.
  1592 | D:2      | Reached XP level 4. HP: 35/35 MP: 4/4
  1766 | D:3      | Noticed Ijyb
  1767 | D:3      | Paralysed by Ijyb for 3 turns
  1779 | D:3      | Paralysed by Ijyb for 4 turns
  1787 | D:3      | Killed Ijyb
  2072 | D:3      | Found a hide-covered altar of Uskayaw.
  2073 | D:3      | Found an ornate altar of the Wu Jian Council.
  2076 | D:3      | Found a broken altar of Ashenzari.
  2076 | D:3      | Found a sparkling altar of Nemelex Xobeh.
  2077 | D:3      | Found a shadowy altar of Dithmenos.
  2077 | D:3      | Found a shimmering altar of Xom.
  2169 | D:3      | Noticed Grinder
  2182 | D:3      | Slain by Grinder

Illustrated notes

Levels and vault maps discovered:
D:1:      sevenhm_arrival_forest_fort_small_3, layout_loops_ring,
          minmay_misc_feat_encased, hex_tiny, minmay_rat_gold_closets
D:2:      minmay_evil_eye, layout_loops_ring, dreamdust_ecumenical_altar_grove
D:3:      layout_rooms, grunt_temple_overflow_open, serial_shops,
          nicolae_lakefront_shop, roderic_roman_lattice,
          kennysheep_small_spiral, minivault_27, uniq_robin, uniq_ijyb,
          uniq_grinder

Skill      XL: |  1  2  3 |
---------------+----------+-----
Maces & Flails | 2 |  2.5
Armour         | 3 |  3.2
Dodging        | 1 |  1.4
Shields        | 3 |  3.2
Fighting       | |  3.5

Action                   |  1- 3 |  4- 6 || total
-------------------------+-------+-------++-------
Melee: Flail             |   123 |    51 ||   174
Armor: Scale mail        |    61 |    17 ||    78
Dodge: Dodged            |    48 |    15 ||    63
Block: Buckler           |    39 |    17 ||    56
